[Event "Titled Tuesday Blitz May 03 Late 2022"]
[White "Voege, Tobias"]
[Black "Hoffmann, Asa"]
[WhiteFideId "1270513"]
[BlackFideId "2001470"]
[WhiteElo "2297"]
[BlackElo "2117"]
[Result "1-0"]
[Round "02"]
[TimeControl "180+1"]
[Date "2022.05.03"]
[WhiteClock "0:00:04"]
[BlackClock "0:00:01"]

1. Nf3 d6 2. d4 Bg4 3. Nbd2 Nd7 4. g3 c6 5. Bg2 Ngf6 6. O-O e5 7. dxe5 dxe5 8. h3 Bh5 9. b3 Qc7 10. Bb2 Be7 11. Ng5 Bg6 12. Nge4 Nd5 13. c4 N5b6 14. a3 Rd8 15. Qc1 Nc5 16. Nxc5 Bxc5 17. b4 Bd4 18. c5 Nd7 19. Bxd4 exd4 20. Nc4 O-O 21. Qb2 Nf6 22. Rad1 d3 23. Nd6 dxe2 24. Qxe2 Ne8 25. Nc4 Nf6 26. Rxd8 Rxd8 27. Rd1 h6 28. Rd6 Re8 29. Qd1 Be4 30. Bxe4 Rxe4 31. Rd8+ Kh7 32. Ne3 Rxe3 33. fxe3 Qxg3+ 34. Kf1 Qxh3+ 35. Ke1 Qxe3+ 36. Qe2 Qg1+ 37. Kd2 Nd5 38. Qe4+ g6 39. Re8 Qf2+ 40. Qe2 Qd4+ 41. Ke1 Nf4 42. Qe4 Qc3+ 43. Kf2 Nh3+ 44. Kg2 Ng5 45. Qe5 Qf3+ 46. Kg1 Qg4+ 47. Kf1 Qf3+ 48. Ke1 Qh1+ 49. Ke2 Qg2+ 50. Kd1 Qf3+ 51. Kc2 Qf5+ 52. Qxf5 gxf5 53. Re7 f4 54. Rxb7 f3 55. Kd3 h5 56. Ke3 h4 57. Rd7 h3 58. Rd1 Kg6 59. b5 cxb5 60. c6 Ne6 61. Kxf3 Kf5 62. Rd5+ Kf6 63. Rd6 Ke7 64. Rd7+ Ke8 65. Kg3 a5 66. Kxh3 1-0


[Site "https://www.chess.com"]

[Event "Titled Tuesday Blitz May 03 Late 2022"]
[White "Vusatiuk, Vladimir"]
[Black "Leiva, Gianmarco"]
[WhiteFideId "14118610"]
[BlackFideId "3804399"]
[WhiteElo "2157"]
[BlackElo "2323"]
[Result "1-0"]
[Round "02"]
[TimeControl "180+1"]
[Date "2022.05.03"]
[WhiteClock "0:00:06"]
[BlackClock "0:00:08"]

1. d4 Nf6 2. c4 e6 3. Nc3 Bb4 4. e3 O-O 5. Bd2 d5 6. Nf3 b6 7. cxd5 exd5 8. Rc1 a6 9. Bd3 Bb7 10. O-O Nbd7 11. Ne5 Bd6 12. f4 c5 13. Be1 Ne4 14. Bxe4 dxe4 15. Nxd7 Qxd7 16. dxc5 bxc5 17. Na4 Qe7 18. Bc3 Bc6 19. Nb6 Rad8 20. Qg4 f5 21. Qe2 Bc7 22. Qxa6 Kh8 23. Nc4 Qe8 24. Qa7 Rf7 25. Qxc5 Rd5 26. Qb4 Rb5 27. Nd6 Bxd6 28. Qxd6 Rd5 29. Qh6 Bb5 30. Rfd1 Bd3 31. a3 Rdd7 32. Qh4 Kg8 33. Qg5 Rd6 34. Be5 Rg6 35. Qh4 h6 36. Rc3 Kh7 37. Rdc1 Rg4 38. Qf2 Rd7 39. h3 Rg6 40. Rc8 Qf7 41. R1c7 Bb5 42. Qc2 Rb6 43. Rxd7 Bxd7 44. Rc7 Qd5 45. Qc3 Rb3 46. Qd4 Qxd4 47. Bxd4 Rd3 48. Rxd7 Kg6 49. Rxg7+ Kh5 50. g4+ Kh4 51. gxf5 h5 52. f6 Rd1+ 53. Kf2 Rd2+ 54. Ke1 Rh2 55. Re7 Rh1+ 56. Kd2 Rh2+ 57. Kc3 Re2 58. Re6 Rxe3+ 59. Bxe3 Kg3 60. f7 Kf3 61. f8=Q Kxe3 62. Rxe4+ 1-0


[Site "https://www.chess.com"]

[Event "Titled Tuesday Blitz May 03 Late 2022"]
[White "Vypkhaniuk, Ihor"]
[Black "Svane, Rasmus"]
[WhiteFideId "14112256"]
[BlackFideId "4657101"]
[WhiteElo "2346"]
[BlackElo "2645"]
[Result "1/2-1/2"]
[Round "02"]
[TimeControl "180+1"]
[Date "2022.05.03"]
[WhiteClock "0:00:10"]
[BlackClock "0:00:09"]

1. d4 d5 2. Nf3 e6 3. c4 a6 4. Bg5 Be7 5. Bxe7 Nxe7 6. Qc2 dxc4 7. Qxc4 b5 8. Qc2 Bb7 9. Nbd2 Nd7 10. g3 Rc8 11. Bg2 c5 12. dxc5 Nxc5 13. O-O O-O 14. Rfd1 Qb6 15. Qc3 Rfd8 16. Qe3 Nd5 17. Qg5 Na4 18. Rab1 h6 19. Qe5 Nb4 20. a3 Nc6 21. Qf4 Rd7 22. Rdc1 Rcd8 23. Nf1 Nd4 24. Nxd4 Rxd4 25. Qe3 Bxg2 26. Kxg2 Qb7+ 27. Qf3 Qe7 28. b3 Nb6 29. Rc6 R4d6 30. Ne3 Nd7 31. Rxd6 Qxd6 32. Rd1 Qc7 33. Qf4 Qxf4 34. gxf4 Kf8 35. Rd6 a5 36. Ra6 Nc5 37. Rxa5 Rb8 38. b4 Nb3 39. Ra7 Nd4 40. Kf1 Nc6 41. Rc7 Nd4 42. Nc2 Nb3 43. e3 Nd2+ 44. Ke2 Ne4 45. Nd4 Ke8 46. f3 Nd6 47. Rc5 Kd7 48. e4 Ra8 49. Nxb5 Nxb5 50. Rxb5 Rxa3 51. Rb7+ Ke8 52. Rb8+ Kd7 53. Rb7+ Ke8 54. Rb8+ Kd7 55. Rb7+ 1/2-1/2


[Site "https://www.chess.com"]

[Event "Titled Tuesday Blitz May 03 Late 2022"]
[White "Wagner, Dennis"]
[Black "Donchenko, Anatoly"]
[WhiteFideId "24650684"]
[BlackFideId "4106091"]
[WhiteElo "2355"]
[BlackElo "2339"]
[Result "1-0"]
[Round "02"]
[TimeControl "180+1"]
[Date "2022.05.03"]
[WhiteClock "0:00:58"]
[BlackClock "0:00:50"]

1. e4 c5 2. Nf3 d6 3. d4 cxd4 4. Nxd4 Nf6 5. Nc3 a6 6. Bg5 Nbd7 7. f4 Qc7 8. Qf3 h6 9. Bxf6 Nxf6 10. f5 Rg8 11. O-O-O g5 12. Kb1 Bd7 13. Be2 Bg7 14. Rhe1 Bc6 15. Qe3 Nd7 16. Bh5 Ne5 17. Ne6 Qa5 18. Nd5 Bxd5 19. Rxd5 Qb4 20. a3 Qxb2+ 21. Kxb2 Nc4+ 22. Ka2 Nxe3 23. Rxe3 Rc8 24. Nxg7+ Rxg7 25. Kb2 Kd7 26. e5 g4 27. f6 Rg5 28. Bxf7 Rf8 29. fxe7 Rxf7 30. e6+ Kc6 31. exf7 Kd7 32. e8=Q+ Kc7 33. Rc3+ Kb6 34. Rxd6+ Ka5 35. Qd8+ Kb5 36. Qb6+ Ka4 37. Qb4# 1-0


[Site "https://www.chess.com"]

[Event "Titled Tuesday Blitz May 03 Late 2022"]
[White "Wieczorek, Oskar"]
[Black "Zherebtsova, Alexandra"]
[WhiteFideId "1133950"]
[BlackFideId "24129518"]
[WhiteElo "2319"]
[BlackElo "2025"]
[Result "1-0"]
[Round "02"]
[TimeControl "180+1"]
[Date "2022.05.03"]
[WhiteClock "0:01:28"]
[BlackClock "0:00:11"]

1. e4 e5 2. Nf3 Nc6 3. Nc3 Nf6 4. a3 a6 5. d4 exd4 6. Nxd4 Bc5 7. Be3 Ba7 8. Nxc6 bxc6 9. Bxa7 Rxa7 10. Qd4 Rb7 11. e5 Qe7 12. O-O-O Ng8 13. Bxa6 Rb8 14. Bxc8 Rxc8 15. Ne4 Nh6 16. Nc5 Rd8 17. g4 Qg5+ 18. Kb1 Qxg4 19. Qe3 Qf5 20. Rhg1 Ng4 21. Qg3 h5 22. h3 Nxe5 23. Qxg7 Rh7 24. Qg3 d6 25. Nd3 Nxd3 26. Rxd3 Kd7 27. Re1 Rh6 28. Rde3 Re6 29. Rxe6 fxe6 30. Qg7+ Kc8 31. Qe7 Qxf2 32. Qxe6+ Kb8 33. Qb3+ Kc8 34. Re7 Qf1+ 35. Ka2 Qb5 36. Qf7 Qb6 37. Qxh5 Kb7 38. Re3 Kc8 39. Qf5+ 1-0


[Site "https://www.chess.com"]

[Event "Titled Tuesday Blitz May 03 Late 2022"]
[White "Xiong, Jeffery"]
[Black "Skliarov, Viktor"]
[WhiteFideId "2047640"]
[BlackFideId "14106736"]
[WhiteElo "2727"]
[BlackElo "2229"]
[Result "1-0"]
[Round "02"]
[TimeControl "180+1"]
[Date "2022.05.03"]
[WhiteClock "0:00:05"]
[BlackClock "0:00:02"]

1. e4 c5 2. Nf3 Nc6 3. Nc3 Nf6 4. Bb5 Nd4 5. e5 Nxb5 6. Nxb5 Nd5 7. Ng5 f6 8. Qf3 Nb4 9. exf6 exf6 10. Kd1 Be7 11. a3 Nc6 12. Re1 d5 13. Ne6 Bxe6 14. Rxe6 O-O 15. Re1 d4 16. a4 a6 17. Na3 d3 18. Qxd3 Qxd3 19. cxd3 Rad8 20. Re3 f5 21. Nc4 Bf6 22. Ra3 Nb4 23. a5 Rd4 24. Nb6 Rfd8 25. Ke2 Nc2 26. Rc3 Nxe3 27. dxe3 Rb4 28. Rxc5 Bxb2 29. Bd2 Rb5 30. Rc7 Ba3 31. Bc3 Bf8 32. Rxb7 Rc8 33. Bd4 Rc2+ 34. Kf3 Rxa5 35. Nd7 Raa2 36. Rb8 Rxf2+ 37. Kg3 Rxg2+ 38. Kf4 Raf2+ 39. Ke5 Kf7 40. Nxf8 Rxh2 41. Ne6 Kg6 42. Rb7 Kh6 43. Nxg7 Rd2 44. Nxf5+ Kh5 45. Rxh7+ Kg4 46. Rxh2 Rxh2 47. Nd6 Rd2 48. Ke4 a5 49. Nc4 Ra2 50. Bc5 a4 51. d4 Kg5 52. d5 Kf6 53. Kd3 Ra1 54. Bd4+ Ke7 55. Bxa1 1-0


[Site "https://www.chess.com"]

[Event "Titled Tuesday Blitz May 03 Late 2022"]
[White "Yedidia, Daniel"]
[Black "Shimanov, Aleksandr"]
[WhiteFideId "30905907"]
[BlackFideId "4198603"]
[WhiteElo "2572"]
[BlackElo "2636"]
[Result "0-1"]
[Round "02"]
[TimeControl "180+1"]
[Date "2022.05.03"]
[WhiteClock "0:00:03"]
[BlackClock "0:00:29"]

1. d4 Nf6 2. c4 g6 3. Nc3 Bg7 4. e4 O-O 5. Nf3 d6 6. Be2 Na6 7. O-O e5 8. Be3 c6 9. Qd2 Qe8 10. d5 c5 11. a3 Ng4 12. Bg5 f6 13. Bh4 h5 14. Ne1 Nh6 15. f3 Nf7 16. Nd3 Bh6 17. Qc2 Be3+ 18. Bf2 Bxf2+ 19. Rxf2 Bd7 20. b4 b6 21. Qd2 Kg7 22. Raf1 Qe7 23. Qe3 Rae8 24. f4 exf4 25. Nxf4 Ne5 26. b5 Nc7 27. Bxh5 g5 28. Ne6+ Nxe6 29. dxe6 Bxe6 30. Bxe8 Qxe8 31. Qd2 Nxc4 32. Qc1 Ne5 33. h3 Nd3 34. Qe3 Nxf2 35. Rxf2 Qe7 36. Qg3 Rh8 37. Rd2 Bf7 38. Rxd6 Rd8 39. Rxd8 Qxd8 40. e5 Qd4+ 41. Kh1 Qxe5 42. Qxe5 fxe5 43. Kg1 Bc4 44. Kf2 Kg6 45. Ke3 Kf5 46. g3 Bf1 47. g4+ Kg6 48. Ke4 Bxh3 49. Kxe5 Bxg4 50. Kd6 Bf3 51. Kc7 g4 52. Nd1 Bxd1 0-1


[Site "https://www.chess.com"]

[Event "Titled Tuesday Blitz May 03 Late 2022"]
[White "Yuan, Qingyu"]
[Black "Sanchez, Robert"]
[WhiteFideId "8609772"]
[BlackFideId "2034360"]
[WhiteElo "2359"]
[BlackElo "2430"]
[Result "1-0"]
[Round "02"]
[TimeControl "180+1"]
[Date "2022.05.03"]
[WhiteClock "0:00:11"]
[BlackClock "0:00:12"]

1. e4 e6 2. d4 d5 3. e5 c5 4. c3 Nc6 5. Nf3 Bd7 6. Be2 Nge7 7. Na3 Nf5 8. Nc2 cxd4 9. cxd4 Be7 10. O-O O-O 11. a3 Rc8 12. b4 a6 13. Bb2 f6 14. Qd2 fxe5 15. dxe5 Qb6 16. Rac1 Rf7 17. Ng5 Rff8 18. Bd3 h6 19. Nf3 Rf7 20. Ncd4 Nfxd4 21. Nxd4 Rcf8 22. Bg6 Rf4 23. Nxc6 Bxc6 24. g3 Bg5 25. gxf4 Rxf4 26. Qe2 d4 27. Rxc6 Qxc6 28. Rc1 Rg4+ 29. Qxg4 Bxc1 30. Bxd4 Bxa3 31. Qf4 Qd7 32. Bc5 Qd1+ 33. Kg2 Qd5+ 34. Kh3 Qd3+ 35. Bxd3 1-0


[Site "https://www.chess.com"]

[Event "Titled Tuesday Blitz May 03 Late 2022"]
[White "Yurovskykh, Oleksandr"]
[Black "Zhigalko, Sergei"]
[WhiteFideId "14134020"]
[BlackFideId "13502956"]
[WhiteElo "2292"]
[BlackElo "2662"]
[Result "0-1"]
[Round "02"]
[TimeControl "180+1"]
[Date "2022.05.03"]
[WhiteClock "0:00:01"]
[BlackClock "0:00:43"]

1. d4 Nf6 2. Nf3 e6 3. c4 b6 4. Bg5 h6 5. Bh4 Bb7 6. Nc3 Bb4 7. Rc1 g5 8. Bg3 Ne4 9. e3 Bxc3+ 10. bxc3 d6 11. Bd3 Nd7 12. Qc2 f5 13. O-O Qe7 14. Nd2 Ndf6 15. Nxe4 Nxe4 16. a4 a5 17. Qb2 O-O 18. Bxe4 Bxe4 19. h3 Bd3 20. Rfd1 Bxc4 21. Qc2 Rae8 22. e4 f4 23. Bh2 f3 24. d5 fxg2 25. dxe6 Qxe6 26. Rd4 Rf3 27. Kxg2 Qxh3+ 28. Kg1 Qe6 29. Bg3 Ref8 30. Kg2 h5 31. Rh1 h4 32. Bxh4 gxh4 33. e5 Rxf2+ 34. Qxf2 Bd5+ 0-1


[Site "https://www.chess.com"]

[Event "Titled Tuesday Blitz May 03 Late 2022"]
[White "Zakhartsov, Vladimir"]
[Black "Zlatin, Alexander"]
[WhiteFideId "4145097"]
[BlackFideId "2810549"]
[WhiteElo "2491"]
[BlackElo "2228"]
[Result "0-1"]
[Round "02"]
[TimeControl "180+1"]
[Date "2022.05.03"]
[WhiteClock "0:00:01"]
[BlackClock "0:00:22"]

1. d4 d5 2. c4 e6 3. Nf3 c5 4. cxd5 exd5 5. g3 Nc6 6. Bg2 Nf6 7. O-O c4 8. Nc3 Be7 9. Ne5 O-O 10. Bg5 Be6 11. f4 h6 12. Bxf6 Bxf6 13. f5 Bc8 14. Nxd5 Nxe5 15. dxe5 Bxe5 16. f6 Bxf6 17. Nxf6+ gxf6 18. Qc1 Kg7 19. Qxc4 Be6 20. Qb4 a5 21. Qa3 Qb6+ 22. Kh1 Rfd8 23. Rf4 Rd4 24. Rg1 Rad8 25. Qc3 Bd5 26. Bxd5 R8xd5 27. e3 Rd2 28. Rg4+ Kh7 29. Qc8 Rg5 30. Rxg5 hxg5 31. b3 Qxe3 32. Qf5+ Kg7 33. Rf1 Qe6 34. Qf3 Rxa2 35. Kg1 Rb2 0-1


[Site "https://www.chess.com"]

[Event "Titled Tuesday Blitz May 03 Late 2022"]
[White "Zanette, Edgard Vinicius"]
[Black "Prohorov, Olexandr"]
[WhiteFideId "2109263"]
[BlackFideId "14105578"]
[WhiteElo "2182"]
[BlackElo "1993"]
[Result "0-1"]
[Round "02"]
[TimeControl "180+1"]
[Date "2022.05.03"]
[WhiteClock "0:00:05"]
[BlackClock "0:00:06"]

1. e4 c5 2. Nc3 Nc6 3. g3 g6 4. Bg2 Bg7 5. d3 d6 6. f4 Rb8 7. Nf3 Nd4 8. O-O b5 9. Nxd4 Bxd4+ 10. Kh1 b4 11. Ne2 Bg7 12. d4 cxd4 13. Nxd4 Bb7 14. Be3 Nf6 15. e5 Bxg2+ 16. Kxg2 Nd5 17. Bf2 Rc8 18. exd6 Qxd6 19. Qd3 O-O 20. Rad1 Rfd8 21. Qb3 e6 22. Rd2 Nf6 23. Nf3 Qc6 24. Rxd8+ Rxd8 25. Kg1 Ne4 26. Bxa7 Nd2 27. Nxd2 Rxd2 28. Bf2 Rxc2 29. Qxb4 Rxb2 30. Qc5 Qxc5 31. Bxc5 Rxa2 32. Rf2 Ra5 33. Be3 Ra3 34. Bc5 Rc3 35. Bb6 Bf6 36. Kg2 Kg7 37. h4 h5 38. Re2 Rb3 39. Ba7 Be7 40. Bd4+ Bf6 41. Bc5 Ba1 42. Kh3 Kf6 43. Bd6 Rb5 44. Bc7 Rd5 45. Bb8 Kf5 46. Ra2 Bd4 47. Rd2 Rd8 48. Ba7 Bf6 49. Re2 Rd5 50. Bf2 Rd3 51. Bb6 Bc3 52. Bf2 Kf6 53. Be3 Rd1 54. Kg2 Be1 55. Kf3 Bb4 56. Bb6 Bd6 57. Kg2 e5 58. fxe5+ Bxe5 59. Rf2+ Ke6 60. Be3 f5 61. Re2 Rd3 62. Bf4 Rd5 63. Bg5 Kd6 64. Be3 Rd3 65. Bg5 Rxg3+ 66. Kf2 Rd3 67. Bd8 Kd5 68. Kg2 f4 69. Rf2 Rg3+ 70. Kh2 f3 71. Kh1 Rg4 72. Rd2+ Ke4 73. Bg5 Bf4 74. Rc2 Bxg5 75. hxg5 Rxg5 76. Rc4+ Ke3 77. Rc3+ Kf4 78. Rc2 Kg3 79. Rh2 Re5 80. Re2 Rxe2 0-1


[Site "https://www.chess.com"]

[Event "Titled Tuesday Blitz May 03 Late 2022"]
[White "Zhou, Qiyu"]
[Black "Adewumi, Tanitoluwa"]
[WhiteFideId "505161"]
[BlackFideId "30966396"]
[WhiteElo "1925"]
[BlackElo "2522"]
[Result "0-1"]
[Round "02"]
[TimeControl "180+1"]
[Date "2022.05.03"]
[WhiteClock "0:00:09"]
[BlackClock "0:01:29"]

1. e4 e5 2. Nf3 Nc6 3. Bb5 a6 4. Ba4 Nf6 5. O-O b5 6. Bb3 d6 7. c3 Be7 8. Re1 O-O 9. h3 Bb7 10. d4 Na5 11. Bc2 c5 12. d5 Nc4 13. b3 Nb6 14. Nbd2 Kh8 15. Nf1 Ng8 16. g4 Bc8 17. Ng3 Bd7 18. Kg2 a5 19. Nf5 a4 20. Be3 a3 21. Rh1 g6 22. Nxe7 Qxe7 23. Qd2 f5 24. Bg5 Qf7 25. gxf5 gxf5 26. Rag1 fxe4 27. Bxe4 Bf5 28. Bxf5 Qxf5 29. Nh4 Qe4+ 30. f3 Qxd5 31. Qxd5 Nxd5 32. Kf2 Nxc3 33. Ke3 Nxa2 34. Rd1 Nb4 35. Rxd6 a2 0-1


[Site "https://www.chess.com"]

[Event "Titled Tuesday Blitz May 03 Late 2022"]
[White "Zhurbinsky, David"]
[Black "Jones, Gawain C B"]
[WhiteFideId "2072904"]
[BlackFideId "409561"]
[WhiteElo "2563"]
[BlackElo "2657"]
[Result "0-1"]
[Round "02"]
[TimeControl "180+1"]
[Date "2022.05.03"]
[WhiteClock "0:01:42"]
[BlackClock "0:02:20"]

1. e4 e5 2. Nf3 Nc6 3. Bb5 a6 4. Ba4 Nf6 5. O-O d6 6. Re1 Bd7 7. c3 g6 8. d4 Bg7 9. Bg5 h6 10. Bh4 O-O 11. Nbd2 Qe8 12. dxe5 Nxe5 13. Bxd7 Nfxd7 14. Nxe5 Qxe5 15. Bg3 Qb5 16. Qc2 Rae8 17. Rad1 Ne5 18. Nb3 Nc4 19. Rd5 Qxd5 0-1


[Site "https://www.chess.com"]

[Event "Titled Tuesday Blitz May 03 Late 2022"]
[White "Zivkovic, Nemanja"]
[Black "Weber, Samuel"]
[WhiteFideId "942154"]
[BlackFideId "12924008"]
[WhiteElo "2364"]
[BlackElo "2215"]
[Result "1-0"]
[Round "02"]
[TimeControl "180+1"]
[Date "2022.05.03"]
[WhiteClock "0:00:20"]
[BlackClock "0:00:22"]

1. d4 Nf6 2. c4 e6 3. Nc3 c5 4. dxc5 Bxc5 5. Nf3 Nc6 6. e3 O-O 7. a3 d5 8. b4 Be7 9. cxd5 exd5 10. Bb2 Bg4 11. Be2 Bxf3 12. Bxf3 d4 13. exd4 Nxd4 14. Bxb7 Rb8 15. Bf3 Nxf3+ 16. Qxf3 Bxb4 17. axb4 Re8+ 18. Ne2 Qe7 19. Bxf6 gxf6 20. Ra2 Qxb4+ 21. Rd2 Rbd8 22. O-O Qxd2 23. Ng3 Qd3 24. Qg4+ Qg6 25. Qa4 Ra8 26. Qa5 Qg5 27. Qa6 Qe5 28. h3 Qe6 29. Qa5 a6 30. Qh5 Kh8 31. Nf5 Rg8 32. Nh6 Rg7 33. g3 a5 34. Ra1 a4 35. Qf3 Qa6 36. Ra3 Rc8 37. Kh2 Rg6 38. Nf5 Rc1 39. Rd3 Rg8 40. Rd4 Qf1 41. h4 Qg1+ 42. Kh3 Qh1+ 43. Qxh1 Rxh1+ 44. Kg2 Ra1 45. Rd7 Rf8 46. Ra7 a3 47. h5 h6 48. Nxh6 Kh7 49. Nxf7 Kg7 50. Nd6+ Kh6 51. g4 Kg5 52. Kf3 f5 53. Rg7+ Kh4 54. Nxf5+ Kh3 55. Ra7 a2 56. h6 Rb1 57. Rxa2 Rb3+ 58. Ke4 Kxg4 59. f3+ Kg5 60. Rg2+ Kf6 61. Nd4 Re8+ 62. Kd5 Rd3 63. Kc4 Ra3 64. Nb5 Rxf3 65. Nd6 Rd8 66. Ne4+ Ke5 67. Nd2 Rf4+ 68. Kc3 Rh4 69. Nf3+ Kf4 70. Nxh4 Rh8 71. Ng6+ Kf3 72. Nxh8 Kxg2 73. Nf7 Kg3 74. h7 1-0


[Site "https://www.chess.com"]

[Event "Titled Tuesday Blitz May 03 Late 2022"]
[White "Adewumi, Tanitoluwa"]
[Black "Bluebaum, Matthias"]
[WhiteFideId "30966396"]
[BlackFideId "24651516"]
[WhiteElo "2527"]
[BlackElo "2550"]
[Result "0-1"]
[Round "03"]
[TimeControl "180+1"]
[Date "2022.05.03"]
[WhiteClock "0:00:33"]
[BlackClock "0:01:22"]

1. e4 c6 2. d4 d5 3. exd5 cxd5 4. Bd3 Nc6 5. c3 Qc7 6. Ne2 Bg4 7. O-O e6 8. Qe1 g6 9. f3 Bf5 10. Nf4 O-O-O 11. Bxf5 gxf5 12. Nd3 Bd6 13. Qh4 Nge7 14. Na3 a6 15. Nc2 h5 16. Bf4 Ng6 17. Bxd6 Qxd6 18. Qg3 f4 19. Qg5 Rdg8 20. Rae1 Nce7 21. Qf6 Rh7 22. Ne5 Nxe5 23. Rxe5 Qc7 24. Rf2 h4 25. h3 Rg6 26. Qxf4 f6 27. Rfe2 fxe5 28. dxe5 Nf5 29. Nd4 Nxd4 30. cxd4 Kb8 31. Re1 Qc2 0-1


[Site "https://www.chess.com"]

[Event "Titled Tuesday Blitz May 03 Late 2022"]
[White "Aggelis, Nikolaos"]
[Black "Kate1606"]
[WhiteFideId "4213220"]
[WhiteElo "2154"]
[BlackElo "2149"]
[Result "1-0"]
[Round "03"]
[TimeControl "180+1"]
[Date "2022.05.03"]
[WhiteClock "0:00:37"]
[BlackClock "0:00:58"]

1. d4 Nf6 2. g3 d6 3. Bg2 g6 4. Nf3 Bg7 5. O-O O-O 6. b3 c6 7. Bb2 Nbd7 8. Nbd2 Qc7 9. e4 e5 10. dxe5 dxe5 11. Nc4 Nxe4 12. Nfxe5 Nxe5 13. Bxe4 Nxc4 14. Bxg7 Kxg7 15. bxc4 Qe5 16. Re1 Qf6 17. Rb1 Rb8 18. Qf3 Be6 19. Qa3 a6 20. c5 h5 21. h4 Rfd8 22. Rb6 Qe5 23. Qb4 Rd4 24. Qc3 Bd5 25. Bxd5 Qxd5 26. Rb4 Rd8 27. Rd1 1-0


[Site "https://www.chess.com"]

[Event "Titled Tuesday Blitz May 03 Late 2022"]
[White "Akrakan"]
[Black "Remolar Gallen, Jose"]
[BlackFideId "2215187"]
[WhiteElo "2148"]
[BlackElo "2205"]
[Result "0-1"]
[Round "03"]
[TimeControl "180+1"]
[Date "2022.05.03"]
[WhiteClock "0:02:19"]
[BlackClock "0:02:04"]

1. e4 c5 2. Nf3 d6 3. c3 Nf6 4. Qc2 e6 5. d4 cxd4 6. cxd4 Be7 7. Nc3 O-O 8. Bd3 Nbd7 9. e5 dxe5 10. dxe5 Nd5 11. Bxh7+ Kh8 12. Be4 Nxc3 13. bxc3 Qa5 14. Bf4 Nc5 15. O-O Bd7 16. Bg5 Bxg5 17. Nxg5 Qa4 18. Bxb7 Qxc2 0-1


[Site "https://www.chess.com"]

[Event "Titled Tuesday Blitz May 03 Late 2022"]
[White "Al-Tarboush, Ward"]
[Black "Babazada, Khazar"]
[WhiteFideId "7601450"]
[BlackFideId "13413554"]
[WhiteElo "2276"]
[BlackElo "2406"]
[Result "0-1"]
[Round "03"]
[TimeControl "180+1"]
[Date "2022.05.03"]
[WhiteClock "0:00:03"]
[BlackClock "0:01:08"]

1. e4 Nf6 2. e5 Nd5 3. d4 Nb6 4. Nf3 d6 5. Be2 g6 6. O-O Bg7 7. c4 O-O 8. Nc3 Nc6 9. exd6 cxd6 10. h3 Bf5 11. Be3 d5 12. c5 Nc4 13. Bxc4 dxc4 14. d5 Nb4 15. Bd4 Bd3 16. Bxg7 Kxg7 17. a3 Nxd5 18. Nxd5 Qxd5 19. Re1 Qxc5 20. Qd2 f6 21. Qc3 e5 22. Rad1 Rad8 23. Nd2 Qd4 24. Qb4 Bc2 25. Nf3 Qxd1 26. Rxd1 Rxd1+ 27. Kh2 Be4 28. Qxc4 Bxf3 29. gxf3 Rd7 30. Qe6 Rff7 31. Kg2 Rfe7 32. Qb3 Rd4 33. Qc3 Red7 34. Qc5 b6 35. Qc6 Rd2 36. b4 Kh6 37. Qxf6 R2d6 38. Qf8+ Kh5 39. Kg3 Re6 40. a4 Ree7 41. Qf6 Kh6 42. a5 bxa5 43. bxa5 Rf7 44. Qxe5 Rf5 45. Qc3 Rdf7 46. Kg2 Kh5 47. Qd4 Rf4 48. Qe5+ g5 49. Qe6 h6 50. Qe8 Rxf3 51. Qe2 Kh4 52. Qe4+ R3f4 53. Qe3 Rxf2+ 54. Kg1 Rf1+ 55. Kg2 R7f2+ 0-1


[Site "https://www.chess.com"]

[Event "Titled Tuesday Blitz May 03 Late 2022"]
[White "Andreikin, Dmitry"]
[Black "Sebag, Marie"]
[WhiteFideId "4158814"]
[BlackFideId "617822"]
[WhiteElo "2736"]
[BlackElo "2440"]
[Result "1-0"]
[Round "03"]
[TimeControl "180+1"]
[Date "2022.05.03"]
[WhiteClock "0:02:17"]
[BlackClock "0:01:31"]

1. e4 c5 2. Nf3 d6 3. Nc3 a6 4. e5 dxe5 5. Nxe5 Nd7 6. d4 cxd4 7. Qxd4 Nxe5 8. Qxe5 Nf6 9. Bf4 e6 10. Bd3 Nd7 11. Qe2 Bb4 12. O-O O-O 13. Qe4 Nf6 14. Qxb4 1-0


[Site "https://www.chess.com"]

[Event "Titled Tuesday Blitz May 03 Late 2022"]
[White "Atanasov, Anthony"]
[Black "Sokolovsky, Yahli"]
[WhiteFideId "2623897"]
[BlackFideId "2820242"]
[WhiteElo "1928"]
[BlackElo "1770"]
[Result "0-1"]
[Round "03"]
[TimeControl "180+1"]
[Date "2022.05.03"]
[WhiteClock "0:00:01"]
[BlackClock "0:00:18"]

1. d4 d5 2. Bf4 e6 3. e3 Bd6 4. Qg4 g6 5. Qf3 Bxf4 6. Qxf4 Qd6 7. Qxd6 cxd6 8. h4 Nf6 9. c4 dxc4 10. Bxc4 d5 11. Bd3 Nc6 12. Nc3 Nb4 13. Ke2 Nxd3 14. Kxd3 b6 15. Nf3 Ba6+ 16. Kd2 Rc8 17. Ne5 Nd7 18. Nxd7 Kxd7 19. a4 Bc4 20. Ra3 a5 21. b3 Ba6 22. Rb1 Rb8 23. b4 Bc4 24. b5 Rbc8 25. Rh1 h5 26. f4 Rc7 27. g3 Rhc8 28. Rg1 Ke7 29. Rb1 f6 30. Raa1 Kf7 31. Rb2 g5 32. Rg1 Rg8 33. Rbb1 gxh4 34. gxh4 Rcc8 35. Rbc1 Rg4 36. Rxg4 hxg4 37. Rg1 f5 38. Ke1 Rh8 39. Rh1 g3 40. Rg1 Rg8 41. Rg2 Rg4 42. Ne2 Rxh4 43. Nxg3 Bb3 44. Rb2 Bxa4 45. Rb1 Rh3 0-1


[Site "https://www.chess.com"]

[Event "Titled Tuesday Blitz May 03 Late 2022"]
[White "Avalos Parra, Joao"]
[Black "Svicevic, Rastko"]
[WhiteFideId "3402541"]
[BlackFideId "916315"]
[WhiteElo "2173"]
[BlackElo "2132"]
[Result "1-0"]
[Round "03"]
[TimeControl "180+1"]
[Date "2022.05.03"]
[WhiteClock "0:00:04"]
[BlackClock "0:00:03"]

1. d4 d5 2. c4 e6 3. Nf3 c6 4. Nc3 f5 5. g3 Nf6 6. Bg2 Bd6 7. O-O O-O 8. b3 Qe7 9. Bb2 Ne4 10. Nd2 Nd7 11. f3 Nxc3 12. Bxc3 dxc4 13. bxc4 e5 14. d5 cxd5 15. cxd5 Bb4 16. Qb3 Qc5+ 17. Kh1 Qxc3 18. Rfd1 Qxb3 19. Nxb3 Bd6 20. e4 b6 21. Rac1 Bb7 22. exf5 Rxf5 23. Bh3 g6 24. Bxf5 gxf5 25. Rc6 Bb8 26. Rc2 Kf7 27. Kg2 Bd6 28. Nd2 Rc8 29. Rxc8 Bxc8 30. g4 fxg4 31. fxg4 Nf6 32. g5 Nxd5 33. Ne4 Ne3+ 34. Kf3 Nxd1 35. Nxd6+ Ke6 36. Nxc8 Nc3 37. Nxa7 Nxa2 38. Nb5 Nb4 39. h4 Nc6 40. Ke4 Ne7 41. Nc7+ Kd7 42. Nb5 Kc6 43. Na3 Ng6 44. h5 Nf4 45. h6 Ng6 46. Nc4 1-0


[Site "https://www.chess.com"]

[Event "Titled Tuesday Blitz May 03 Late 2022"]
[White "Baches Garcia, Guillermo"]
[Black "Rosen, Eric"]
[WhiteFideId "2209764"]
[BlackFideId "2032562"]
[WhiteElo "2487"]
[BlackElo "2362"]
[Result "0-1"]
[Round "03"]
[TimeControl "180+1"]
[Date "2022.05.03"]
[WhiteClock "0:00:12"]
[BlackClock "0:00:06"]

1. e4 c5 2. Nf3 Nc6 3. d4 cxd4 4. Nxd4 g6 5. c4 Bg7 6. Nc2 Nf6 7. Nc3 O-O 8. Be2 d6 9. Be3 a5 10. O-O a4 11. f3 Qa5 12. Qd2 Be6 13. Rab1 Nd7 14. Nb5 Qxd2 15. Bxd2 Rfc8 16. Rfc1 Nc5 17. Bc3 Bh6 18. Rd1 Ne5 19. Nca3 Ncd7 20. b3 axb3 21. axb3 f5 22. exf5 Bxf5 23. Ra1 Nc5 24. Nd4 Bd7 25. Nac2 Nc6 26. Kf2 Bg7 27. b4 Nb3 28. Rxa8 Rxa8 29. Nxc6 Bxc6 30. Bxg7 Kxg7 31. Nd4 Nxd4 32. Rxd4 Ra2 33. b5 Be8 34. Ke3 Kf6 35. g3 b6 36. f4 Bf7 37. h4 Ra3+ 38. Rd3 Ra2 39. Rd2 Ra3+ 40. Rd3 Ra1 41. Rd1 Ra5 42. Rd2 h6 43. Rd4 Ra3+ 44. Rd3 Ra2 45. Rc3 Ra4 46. Kd4 Be6 47. Re3 Ra1 48. Rc3 Re1 49. Ke3 Ra1 50. Kf2 Ra4 51. g4 g5 52. fxg5+ hxg5 53. h5 Ra2 54. h6 Kg6 55. Rh3 Kh7 56. Ke3 Rxe2+ 57. Kxe2 Bxg4+ 58. Ke3 Bxh3 59. c5 dxc5 60. Ke4 Kxh6 61. Kd5 g4 62. Kc6 g3 63. Kxb6 g2 64. Kxc5 g1=Q+ 0-1


[Site "https://www.chess.com"]

[Event "Titled Tuesday Blitz May 03 Late 2022"]
[White "Barp, Alberto"]
[Black "Kollars, Dmitrij"]
[WhiteFideId "872555"]
[BlackFideId "12909572"]
[WhiteElo "2229"]
[BlackElo "2584"]
[Result "0-1"]
[Round "03"]
[TimeControl "180+1"]
[Date "2022.05.03"]
[WhiteClock "0:02:00"]
[BlackClock "0:02:17"]

1. d4 Nf6 2. c4 e6 3. Nf3 b6 4. g3 Ba6 5. b3 Bb4+ 6. Bd2 Be7 7. Bg2 d5 8. O-O O-O 9. Qc2 c5 10. cxd5 exd5 11. Bc3 Nc6 12. Rd1 Rc8 13. e3 Ne4 14. Ne1 cxd4 15. exd4 Bf6 16. Bxe4 dxe4 17. Qxe4 Re8 18. Qg4 Be2 0-1


[Site "https://www.chess.com"]